[ AOE2 MATCH · #476662993 ]
Team RMHuns vs Lithuanians
Player's team · WIN
[ REPLAY ANALYSIS · EXTRACTED FROM THE RECORDED GAME ]
Feudal
—
Castle
—
Imperial
—
| APM avg | 37.4 |
| APM peak | 56 |
| eAPM avg | 11.8 |
| Villagers / military | 15 / 0 |
Focus
⚔️ 0.0% · 🌾 100.0%
Feudal
—
Castle
—
Imperial
—
| APM avg | 68.4 |
| APM peak | 91 |
| eAPM avg | 15.7 |
| Villagers / military | 10 / 0 |
Focus
⚔️ 30.0% · 🌾 70.0%
Feudal
—
Castle
—
Imperial
—
| APM avg | 34.1 |
| APM peak | 50 |
| eAPM avg | 8.8 |
| Villagers / military | 13 / 0 |
Focus
⚔️ 0.0% · 🌾 100.0%
Feudal
—
Castle
—
Imperial
—
| APM avg | 26.6 |
| APM peak | 69 |
| eAPM avg | 5.2 |
| Villagers / military | 4 / 0 |
Focus
⚔️ 13.3% · 🌾 86.7%
Feudal
—
Castle
—
Imperial
—
| APM avg | 52.2 |
| APM peak | 69 |
| eAPM avg | 21.7 |
| Villagers / military | 14 / 0 |
Focus
⚔️ 30.2% · 🌾 69.8%
Feudal
—
Castle
—
Imperial
—
| APM avg | 14.0 |
| APM peak | 30 |
| eAPM avg | 5.8 |
| Villagers / military | 8 / 0 |
Focus
⚔️ 5.9% · 🌾 94.1%
Feudal
—
Castle
—
Imperial
—
| APM avg | 54.1 |
| APM peak | 71 |
| eAPM avg | 10.7 |
| Villagers / military | 13 / 0 |
Focus
⚔️ 6.2% · 🌾 93.8%
Feudal
—
Castle
—
Imperial
—
| APM avg | 81.3 |
| APM peak | 93 |
| eAPM avg | 21.2 |
| Villagers / military | 20 / 0 |
Focus
⚔️ 17.4% · 🌾 82.6%
Match map
Initial resources + every placement click. Lines = walls · curves = elevation contours. ◆ gold · ⬟ stone · ● berries · ✦ relic · ◌ wall gap
Your base
thebjornlothbrok's base
I am Jack`s liver's base
Basurto's base
Bug Spencer's base
Anago's base
Batushka_na_harlee's base
Sc100Pitie's base
Smoothed initial terrain · ◌ = detected wall gap · hover for details
Inputs per minute
— Pig-killing team member - - thebjornlothbrok
Build order — Pig-killing team member
18 actions detected in the replay
| 0:02 | Create | Villager (Male) |
| 0:02 | Create | Villager (Male) |
| 0:02 | Create | Villager (Male) |
| 0:25 | Create | Villager (Male) |
| 0:26 | Create | Villager (Male) |
| 0:31 | Research | Loom |
| 0:31 | Research | Loom |
| 1:24 | Create | Villager (Male) |
| 1:25 | Create | Villager (Male) |
| 1:54 | Build | Lumber Camp |
| 2:10 | Create | Villager (Male) |
| 2:10 | Create | Villager (Male) |
| 2:38 | Create | Villager (Male) |
| 2:38 | Create | Villager (Male) |
| 3:21 | Create | Villager (Male) |
| 3:21 | Create | Villager (Male) |
| 3:37 | Create | Villager (Male) |
| 3:38 | Create | Villager (Male) |
Build order — thebjornlothbrok
13 actions detected in the replay
| 0:00 | Create | Villager (Male) |
| 0:02 | Build | House |
| 0:04 | Build | House |
| 0:07 | Create | Villager (Male) |
| 0:14 | Create | Villager (Male) |
| 0:18 | Create | Villager (Male) |
| 0:18 | Create | Villager (Male) |
| 0:19 | Create | Villager (Male) |
| 0:19 | Create | Villager (Male) |
| 0:36 | Build | House |
| 1:24 | Create | Villager (Male) |
| 2:22 | Create | Villager (Male) |
| 2:22 | Create | Villager (Male) |
Build order — I am Jack`s liver
16 actions detected in the replay
| 0:02 | Create | Villager (Male) |
| 0:02 | Create | Villager (Male) |
| 0:03 | Create | Villager (Male) |
| 0:03 | Create | Villager (Male) |
| 0:03 | Create | Villager (Male) |
| 0:05 | Build | House |
| 0:06 | Build | House |
| 1:27 | Create | Villager (Male) |
| 1:48 | Build | Lumber Camp |
| 2:00 | Create | Villager (Male) |
| 2:21 | Create | Villager (Male) |
| 2:21 | Create | Villager (Male) |
| 2:43 | Create | Villager (Male) |
| 2:44 | Create | Villager (Male) |
| 3:10 | Create | Villager (Male) |
| 3:10 | Create | Villager (Male) |
Build order — Basurto
6 actions detected in the replay
| 0:04 | Create | Villager (Male) |
| 0:04 | Create | Villager (Male) |
| 0:05 | Build | House |
| 0:06 | Build | House |
| 0:20 | Create | Villager (Male) |
| 0:20 | Create | Villager (Male) |
Build order — Bug Spencer
19 actions detected in the replay
| 0:01 | Create | Villager (Male) |
| 0:02 | Create | Villager (Male) |
| 0:05 | Build | House |
| 0:09 | Build | House |
| 0:21 | Create | Villager (Male) |
| 0:21 | Create | Villager (Male) |
| 0:21 | Create | Villager (Male) |
| 1:20 | Create | Villager (Male) |
| 1:21 | Create | Villager (Male) |
| 2:04 | Create | Villager (Male) |
| 2:05 | Create | Villager (Male) |
| 2:05 | Create | Villager (Male) |
| 2:13 | Build | Lumber Camp |
| 2:57 | Create | Villager (Male) |
| 2:57 | Create | Villager (Male) |
| 3:22 | Create | Villager (Male) |
| 3:25 | Build | House |
| 3:26 | Build | House |
| 3:33 | Create | Villager (Male) |
Build order — Anago
11 actions detected in the replay
| 0:01 | Create | Villager (Male) |
| 0:01 | Create | Villager (Male) |
| 0:01 | Create | Villager (Male) |
| 0:02 | Create | Villager (Male) |
| 0:04 | Build | House |
| 0:06 | Build | House |
| 1:26 | Create | Villager (Male) |
| 1:27 | Create | Villager (Male) |
| 1:47 | Build | Lumber Camp |
| 2:03 | Create | Villager (Male) |
| 2:22 | Create | Villager (Male) |
Build order — Batushka_na_harlee
16 actions detected in the replay
| 0:01 | Create | Villager (Male) |
| 0:01 | Create | Villager (Male) |
| 0:02 | Build | House |
| 0:03 | Build | House |
| 0:04 | Create | Villager (Male) |
| 0:04 | Create | Villager (Male) |
| 0:04 | Create | Villager (Male) |
| 1:27 | Create | Villager (Male) |
| 1:45 | Build | Lumber Camp |
| 2:01 | Create | Villager (Male) |
| 2:22 | Create | Villager (Male) |
| 2:22 | Create | Villager (Male) |
| 2:48 | Create | Villager (Male) |
| 2:48 | Create | Villager (Male) |
| 3:22 | Create | Villager (Male) |
| 3:23 | Create | Villager (Male) |
Build order — Sc100Pitie
23 actions detected in the replay
| 0:00 | Create | Villager (Male) |
| 0:01 | Create | Villager (Male) |
| 0:02 | Build | House |
| 0:03 | Build | House |
| 0:12 | Create | Villager (Male) |
| 0:12 | Create | Villager (Male) |
| 1:41 | Create | Villager (Male) |
| 1:41 | Create | Villager (Male) |
| 1:41 | Create | Villager (Male) |
| 1:49 | Build | Lumber Camp |
| 2:07 | Create | Villager (Male) |
| 2:07 | Create | Villager (Male) |
| 2:07 | Create | Villager (Male) |
| 2:07 | Create | Villager (Male) |
| 2:27 | Create | Villager (Male) |
| 2:27 | Create | Villager (Male) |
| 2:27 | Create | Villager (Male) |
| 3:10 | Create | Villager (Male) |
| 3:11 | Create | Villager (Male) |
| 3:11 | Create | Villager (Male) |
| 3:11 | Create | Villager (Male) |
| 3:19 | Create | Villager (Male) |
| 3:20 | Create | Villager (Male) |
Match timeline
| 1:58 | Basurto · resign |
[ AI ANALYSIS · 1 CREDIT ]
What really happened in this match?
Wolo.gg analyzes every decision: build order, eco, micro, common mistakes by bracket. Personalized analysis on WhatsApp or Discord in 30 seconds.
Civ guide
Huns
Map guide
Hideout
Perfil
Pig-killing team member